Map: Orbital Shipyard

Players

wrj

  • Race: Zerg Zerg
  • League: Master

TomikuS - Winner!

  • Race: Zerg Zerg
  • League: Grandmaster

Event: Lycan League Weekly August #1

VOD

Have the link to the VOD?

Description

Time

  • Played on: Aug. 3, 2015, 12:32 p.m.
  • Length: 10:39

All games in this series

Show
View Real Time Build Order
Export as new Build Order

wrj Zerg 

Build Orders: Hatch First, Lurkers 

Get SALT Encoding   

  12  0:01  Drone  
  13  0:08  Drone  
  14  0:17  Overlord  
  14  0:23  Drone, Extractor  
  15  0:47  Hatchery  
  14  0:52  Drone  
  14  0:56  Drone x2  
  17  1:15  Extractor, Spawning Pool  
  17  1:18  Drone  
  16  1:22  Drone  
  17  1:27  Drone  
  18  1:35  Drone  
  19  1:46  Drone  
  20  1:58  Drone  
  21  2:02  Queen x2  
  21  2:03  Zergling x2  
  21  2:08  Drone  
  27  2:12  Drone  
  28  2:18  Overlord  
  28  2:25  Extractor  
  28  2:26  Drone  
  28  2:28  Metabolic Boost  
  28  2:38  Queen  
  28  2:39  Drone  
  28  2:44  Drone x3  
  33  2:50  Overlord  
  34  2:53  Drone  
  35  2:59  Baneling Nest  
  34  3:06  Overlord  
  34  3:10  Drone  
  36  3:12  Drone  
  36  3:20  Overlord  
  36  3:25  Drone  
  36  3:26  Drone x5  
  42  3:35  Drone x2  
  44  3:43  Lair  
  44  3:44  Extractor  
  44  3:45  Zergling x8, Extractor  
  44  3:48  Drone x2  
  48  3:49  Drone  
  48  3:52  Drone x2  
  48  3:54  Drone  
  52  4:01  Extractor  
  52  4:02  Drone  
  52  4:04  Overlord  
  51  4:14  Overlord  
  51  4:21  Overlord  
  52  4:24  Drone x3  
  52  4:28  Baneling x4  
  52  4:29  Zergling x2  
  52  4:30  Zergling x2  
  56  4:33  Hatchery  
  56  4:35  Overlord  
  56  4:37  Zergling x4  
  56  4:38  Drone  
  58  4:41  Zergling x2  
  59  4:46  Zergling x6  
  62  4:58  Spire  
  61  5:00  Overlord  
  59  5:12  Overlord  
  57  5:30  Evolution Chamber  
  57  5:31  Evolution Chamber  
  57  5:34  Zergling x2  
  57  5:35  Zergling x8  
  60  5:36  Overlord  
  60  5:40  Baneling x4  
  57  5:51  Overlord  
  57  6:09  Mutalisk x5  
  57  6:10  Mutalisk x3  
  57  6:11  Zergling x10  
  70  6:12  Zergling x10  
  70  6:17  Mutalisk  
  67  6:28  Mutalisk  
  67  6:29  Zergling x2  
  67  6:30  Zergling x6  
  58  6:43  Zergling x6  
  58  6:59  Mutalisk  
  58  7:00  Zergling x8  
  60  7:14  Mutalisk  
  60  7:15  Zergling x2  
  60  7:16  Zergling x8  
  60  7:26  Drone  
  60  7:27  Drone x2  
  60  7:28  Drone  
  63  7:35  Drone x2  
  65  7:38  Queen  
  65  7:40  Drone  
  62  7:58  Drone  
  62  7:59  Drone x4  
  62  8:02  Zerg Melee Weapons Level 1  
  62  8:04  Zerg Ground Armor Level 1  
  67  8:10  Hydralisk Den  
  66  8:22  Drone x3  
  66  8:23  Drone x3  
  72  8:28  Overlord  
  72  8:29  Drone  
  73  8:40  Drone x3, Lurker Den, Queen  
  78  8:46  Overlord  
  78  8:48  Drone x2  
  78  8:49  Drone  
  81  8:58  Drone x3  
  84  9:03  Drone x2  
  84  9:04  Drone  
  84  9:06  Drone  
  84  9:09  Queen  
  90  9:11  Overlord  
  90  9:21  Drone x4  
  94  9:26  Extractor  
  94  9:28  Extractor  
  94  9:31  Hydralisk x4  
  92  9:33  Drone  
  92  9:34  Drone x2  
  103  9:39  Drone  
  103  9:46  Hydralisk x2  
  107  9:53  Zergling x2  
  107  9:54  Zergling x6  
  112  10:07  Lurker x4  
  112  10:08  Hydralisk x3  
  112  10:09  Zergling x8  
  112  10:10  Overlord x2  
  112  10:13  Zergling x2  
  124  10:16  Zergling x2  
Show
View Real Time Build Order
Export as new Build Order

TomikuS Zerg - Winner!

Build Orders: Hatch First 

Get SALT Encoding   

  12  0:01  Drone  
  13  0:13  Overlord  
  13  0:22  Drone  
  14  0:31  Drone x2  
  16  0:50  Hatchery  
  16  0:55  Drone x2  
  17  1:10  Spawning Pool  
  16  1:12  Drone  
  16  1:15  Drone  
  18  1:18  Drone  
  19  1:29  Overlord  
  19  1:40  Drone  
  20  1:58  Zergling x2  
  21  2:02  Queen x2  
  21  2:04  Drone x2  
  21  2:08  Extractor  
  26  2:18  Overlord, Drone  
  27  2:31  Drone x2  
  27  2:35  Drone  
  27  2:36  Drone  
  31  2:37  Queen  
  31  2:38  Queen  
  35  2:52  Overlord  
  35  2:53  Drone, Spine Crawler  
  35  3:00  Drone x2  
  37  3:13  Drone x8  
  37  3:19  Lair  
  45  3:29  Overlord  
  44  3:42  Extractor x2  
  44  3:43  Roach Warren  
  41  3:51  Drone x3  
  41  3:52  Drone x3, Overlord x2  
  41  3:54  Drone x2  
  41  3:55  Drone  
  50  3:59  Evolution Chamber  
  49  4:12  Drone  
  50  4:22  Glial Reconstitution  
  52  4:24  Roach x5  
  52  4:25  Roach  
  52  4:27  Extractor  
  52  4:29  Drone x4  
  65  4:40  Roach x4  
  73  4:55  Overlord x2  
  73  4:56  Hatchery  
  72  5:00  Roach x2  
  70  5:08  Drone x2  
  70  5:09  Drone x2  
  74  5:21  Roach x5  
  77  5:27  Hatchery  
  84  5:30  Roach  
  84  5:31  Roach x3  
  92  5:39  Zerg Missile Weapons Level 1  
  92  5:44  Overlord x2  
  92  5:53  Drone, Hydralisk Den  
  92  6:10  Roach x3  
  92  6:11  Roach x5  
  104  6:29  Drone  
  95  6:40  Hydralisk x4  
  91  6:50  Drone x9  
  91  6:51  Drone x3  
  91  6:53  Queen x2  
  93  7:04  Hydralisk x2  
  93  7:05  Hydralisk  
  95  7:22  Hydralisk x3  
  91  7:23  Hydralisk x3  
  91  7:27  Muscular Augments  
  91  7:31  Spore Crawler  
  91  7:33  Spore Crawler  
  91  7:34  Spore Crawler  
  91  7:36  Zerg Missile Weapons Level 2  
  88  7:40  Roach  
  88  7:41  Roach  
  90  8:02  Drone x5  
  90  8:03  Drone x11  
  106  8:05  Extractor  
  106  8:07  Extractor  
  106  8:08  Overseer  
  104  8:16  Overlord x2  
  104  8:17  Overlord x2  
  104  8:19  Roach  
  106  8:40  Roach  
  106  8:41  Roach x11  
  129  8:53  Extractor  
  129  8:55  Overlord x4  
  126  8:58  Evolution Chamber  
  125  9:05  Spore Crawler  
  125  9:06  Spore Crawler  
  123  9:10  Overseer  
  123  9:12  Roach x3  
  123  9:14  Roach  
  123  9:15  Roach x5  
  141  9:18  Ravager x6  
  141  9:19  Ravager x3  
  141  9:23  Roach  
  152  9:33  Roach  
  152  9:35  Overlord x2  
  154  9:54  Overlord x2, Hydralisk  
  154  9:55  Hydralisk x7  

Tags
 
Add a new tag
Caveats
  • Supply blocks, unpowered buildings, or Contaminate may cause inaccurate times.
  • Supply counts are checked every 10 seconds.